 Dungeon Crawl Stone Soup version 0.18.1-5-g4a78601 (webtiles) character file.

94 Guinours the Cudgeler (level 4, -1/35 HPs)
             Began as a Human Berserker on May 12, 2016.
             Was a Believer of Trog.
             Slain by an orc (3 damage)
             ... on level 3 of the Dungeon.
             The game lasted 00:14:11 (1878 turns).

Guinours the Cudgeler (Human Berserker)             Turns: 1878, Time: 00:14:12

Health: -1/35      AC:  5    Str: 17    XL:     4   Next: 94%
Magic:  4/4        EV: 10    Int:  7    God:    Trog [**....]
Gold:   106        SH:  7    Dex: 14    Spells: 0 memorised, 3 levels left

rFire  . . .     SeeInvis .     a - +0 mace
rCold  . . .     Gourm    .     j - +0 leather armour
rNeg   . . .     Faith    .     m - +0 shield
rPois  +         Spirit   .     (no helmet)
rElec  .         Dismiss  .     (no cloak)
rCorr  .         Reflect  .     (no gloves)
SustAt .         Harm     .     g - +1 pair of boots
MR     .....                    (no amulet)
Stlth  ++........               d - ring of stealth
                                l - ring of poison resistance

@: not resistant to hostile enchantments, unstealthy
A: no striking features
a: Berserk, Trog's Hand, Burn Spellbooks, Renounce Religion


You were on level 3 of the Dungeon.
You worshipped Trog.
Trog was pleased with you.
You were not hungry.

You visited 1 branch of the dungeon, and saw 3 of its levels.

You collected 106 gold pieces.

Inventory:

Hand Weapons
 a - a +0 mace (weapon)
Armour
 g - a +1 pair of boots (worn)
 j - a +0 leather armour (worn)
 m - a +0 shield (worn)
Jewellery
 d - a ring of stealth (right hand)
 l - a ring of poison resistance (left hand)
Scrolls
 e - a scroll of remove curse
 i - 2 scrolls of teleportation
 k - 3 scrolls of identify
Potions
 b - a potion of mutation {unknown}
 f - 2 potions of agility
 h - a potion of cancellation {unknown}
Comestibles
 c - 4 bread rations


   Skills:
 + Level 3.5 Fighting
 + Level 3.6 Maces & Flails
 + Level 2.3 Armour
 + Level 3.3 Dodging
 + Level 0.4 Stealth
 + Level 0.4 Shields


You had 3 spell levels left.
You didn't know any spells.

Dungeon Overview and Level Annotations

Branches:
Dungeon (3/15)

Altars:
Elyvilon


Message History

The orc is almost dead.
You hit the orc but do no damage. The orc hits you but does no damage.
You block the orc's attack. The orc closely misses you. The orc hits you.
* * * LOW HITPOINT WARNING * * *
You barely miss the orc.
The orc is almost dead.
The orc hits you.
* * * LOW HITPOINT WARNING * * *
The orc hits you.
* * * LOW HITPOINT WARNING * * *
You closely miss the orc. The orc hits you but does no damage.
The orc closely misses you. You block the orc's attack.
You hit the orc.
The orc is almost dead.
The orc barely misses you. You block the orc's attack. The orc hits you.
* * * LOW HITPOINT WARNING * * *
You closely miss the orc.
The orc is almost dead.
The orc hits you.
You die...

######### #######........
###..............
.............o...
............o....
..........##############
..........#..).#o.......
.........)†....o@.......
......#####....#.........#
...#### #....#.......).#
... #..............# ...
##'#..........(# ...
#.#..)....... ..o
###+#.......... o..
#........#'####### ..(
#..........(.....#


You could see 2 orcs.

Vanquished Creatures
  An orc priest (D:3)
  2 adders
  A dart slug (D:1)
  A giant gecko (D:2)
  2 orcs (D:3)
  3 giant cockroaches
  6 goblins
  8 hobgoblins
  4 bats
  A giant newt (D:1)
  5 kobolds
  5 rats
39 creatures vanquished.

Notes
Turn   | Place    | Note
--------------------------------------------------------------
     0 | D:1      | Guinours the Human Berserker began the quest for the Orb.
     0 | D:1      | Reached XP level 1. HP: 18/18 MP: 1/1
   114 | D:1      | Reached XP level 2. HP: 6/24 MP: 2/2
   628 | D:1      | Reached XP level 3. HP: 29/29 MP: 3/3
   677 | D:1      | Reached ** piety under Trog
  1073 | D:2      | Found a white marble altar of Elyvilon.
  1688 | D:3      | Reached XP level 4. HP: 35/35 MP: 4/4
  1828 | D:3      | HP: 1/35 [orc priest/nerve-wracking pain (9)]
  1877 | D:3      | HP: 1/35 [orc (2)]
  1878 | D:3      | Slain by an orc

Skill      XL: |  1  2  3  4 |
---------------+-------------+-----
Dodging        | 3 |  3.3
Fighting       | |  3.5
Maces & Flails | |  3.6
Armour         | |  2.3
Stealth        | |  0.4
Shields        | |  0.4

Action                   |  1- 3 |  4- 6 || total
-------------------------+-------+-------++-------
Melee: Mace              |   136 |    27 ||   163
Invok: Trog's Hand       |       |     1 ||     1
  Use: Scroll            |     7 |       ||     7
       Potion            |       |     1 ||     1
  Eat: Chunk             |     2 |     1 ||     3
Armor: Leather armour    |    44 |     8 ||    52
       Animal skin       |     1 |       ||     1
Dodge: Dodged            |    77 |     9 ||    86
Block: Shield            |    14 |    20 ||    34
